 Dungeon Crawl Stone Soup version 0.27.1-34-g3ba077fa99 (webtiles) character file.

Game seed: 472072988390013699

8 Descartes the Grasshopper (level 2, 22/22 HPs)
             Began as a Formicid Warper on Jan 16, 2022.
             Was a Follower of Elyvilon.
             Got out of the dungeon alive.
             The game lasted 00:01:11 (741 turns).

Descartes the Grasshopper (Formicid Warper)          Turns: 741, Time: 00:01:12

Health: 22/22      AC:  3    Str: 15    XL:     2   Next: 15%
Magic:  5/5        EV: 11    Int: 12    God:    Elyvilon [*.....]
Gold:   35         SH:  0    Dex: 10    Spells: 5/5 levels left

rFire    . . .     SeeInvis +   a - +0 mace
rCold    . . .     Faith    .   (no shield)
rNeg     . . .     Spirit   .   b - +0 leather armour
rPois    .         Reflect  .   (helmet unavailable)
rElec    .         Harm     .   (no cloak)
rCorr    .         Rampage  .   (no gloves)
Will     .....                  (no boots)
Stlth    +.........             (no amulet)
HPRegen  0.07/turn              (no ring)
MPRegen  0.09/turn              (no ring)

@: no status effects
A: permanent stasis, dig shafts and tunnels, antennae 3, four strong arms
a: Dig, Shaft Self, Renounce Religion, Lesser Healing, Divine Protection


You escaped.
You worshipped Elyvilon.
Elyvilon was aware of your devotion.
You visited 1 branch of the dungeon, and saw 1 of its levels.

You collected 35 gold pieces.

Inventory:

Hand Weapons
 a - a +0 mace (weapon)
Missiles
 c - 5 boomerangs of dispersal (quivered)
 d - 7 stones
Armour
 b - a +0 leather armour (worn)
Scrolls
 g - a scroll of teleportation {unknown}
 h - a scroll of summoning {unknown}
Potions
 e - a potion of haste {unknown}
 f - a potion of attraction {unknown}


   Skills:
 - Level 2.1 Fighting
 - Level 2.0 Maces & Flails
 - Level 1.0 Throwing
 + Level 1.8 Armour
 - Level 1.7 Dodging
 - Level 2.1 Spellcasting
 + Level 3.0 Translocations


You had 5 spell levels left.
You didn't know any spells.
Your spell library contained the following spells:

 Spells                   Type           Power      Damage    Failure   Level
 Gell's Gravitas          Tloc           4%         N/A       28%         3
 Lesser Beckoning         Tloc           4%         N/A       28%         3
 Teleport Other           Tloc           8%         N/A       28%         3
 Manifold Assault         Tloc           8%         N/A       95%         5
 Blink                    Tloc           Unusable   N/A       N/A         2

Dungeon Overview and Level Annotations

Branches:
Dungeon (1/15)

Altars:
Elyvilon


Innate Abilities, Weirdness & Mutations

You cannot be hasted, slowed, berserked, paralysed or teleported.
You can dig through walls and to a lower floor.
You have a pair of large antennae on your head. (SInv)
Your four strong arms can wield two-handed weapons with a shield.


Message History

You now have 35 gold pieces (gained 7).
g - a scroll labelled COHYREITAK
h - a scroll labelled DUAPHY BUDDONN
Found a ring mail.
A kobold comes into view. It is wielding a +0 dagger.
The kobold shouts!
The kobold barely misses you.
You barely miss the kobold. The kobold closely misses you.
The kobold hits you but does no damage.
You miss the kobold. The kobold hits you but does no damage.
You barely miss the kobold. The kobold hits you but does no damage.
You completely miss the kobold. The kobold misses you.
You closely miss the kobold. The kobold closely misses you.
The kobold hits you but does no damage.
You barely miss the kobold. The kobold hits you but does no damage.
You sock the kobold!
You kill the kobold!
No target in view!
No target in view!
No target in view!
No target in view!
No target in view!
No target in view!
No target in view!
No target in view!
No target in view!
No target in view!
No target in view!
No target in view!
No target in view!
No target in view!
No target in view!
No target in view!
No target in view!
No target in view!
No target in view!
There is a stone staircase leading down here.
There is a staircase leading out of the dungeon here.
Are you sure you want to leave the Dungeon?
This will make you lose the game!
You have escaped!

#P.##P# #..#P...####
## ####P.#.# #..#.#
#### #....# #..)
####.# #.## #.# #.#.
### #.# #.#. #@##
#.# #.#.
#..#######.####.#.
#...##.......##.#.
##...##.#........#.
##.....#...#.#.#÷.#.
#∩.....#####....#.#.
##.....∩# #......##
#.....∩# ##...#...
#....[∩######.#####


There were no monsters in sight!

Vanquished Creatures
  A dart slug (D:1)
  A ball python (D:1)
  A giant cockroach (D:1)
  A hobgoblin (D:1)
  A kobold (D:1)
  A rat (D:1)
6 creatures vanquished.

Notes
Turn   | Place    | Note
-------+----------+-------------------------------------------
     0 | D:1      | Descartes the Formicid Warper began the quest for the Orb.
     0 | D:1      | Reached XP level 1. HP: 16/16 MP: 3/3
   198 | D:1      | Reached XP level 2. HP: 4/22 MP: 5/5
   199 | D:1      | Reached skill level 3 in Translocations
   469 | D:1      | Found a faded altar of an unknown god.
   477 | D:1      | Became a worshipper of Elyvilon the Healer
   477 | D:1      | Reached * piety under Elyvilon
   741 | D:$      | Got out of the dungeon alive.

Illustrated notes

Levels and vault maps discovered:
D:1:      amcnicky_arrival_abandoned_market, layout_loops_ring,
          dreamdust_ecumenical_altar_hidden_monk_grotto, palyth_stone_intersect,
          minivault_5

Skill      XL: |  1  2 |
---------------+-------+-----
Translocations | 3 |  3.0
Fighting       | |  2.1
Maces & Flails | |  2.0
Throwing       | |  1.0
Armour         | |  1.8
Dodging        | |  1.7
Spellcasting   | |  2.1

Action                   || total
-------------------------++-------
Melee: Mace              ||    19
Armor: Leather armour    ||    10
Dodge: Dodged            ||    14
